| TOP OF THE 1ST |
|
University of Illinois Fighting Illini batting - Pitching for Pennsylvania State University Nittany Lions : RHP David Kalinsky
|
|
Pitching: RHP David Kalinsky
|
|
|
Batting: SHB Dan Strickland
|
0-0: Foul Ball, location: 2F 0-1: Called Strike 0-2: Ball 1-2: Ball 2-2: Strikes out swinging
|
|
Batting: RHB Hugo Priego
|
0-0: Swinging Strike 0-1: Ground out 5-3 (Groundball, 56S, EV 73.8 MPH)
|
|
Batting: LHB Bill Kovac
|
0-0: Foul Ball, location: 2F 0-1: Called Strike 0-2: Strikes out looking
|
| Top of the 1st over - 0 runs, 0 hits, 0 errors, 0 left on base; University of Illinois 0 - Pennsylvania State University 0 |
| BOTTOM OF THE 1ST |
|
Pennsylvania State University Nittany Lions batting - Pitching for University of Illinois Fighting Illini : LHP Jon Ray
|
|
Pitching: LHP Jon Ray
|
|
|
Batting: RHB John Hopkins
|
0-0: Ball 1-0: Ball 2-0: Bunt for hit to 25 - play at first, batter OUT! 5-3
|
|
Batting: RHB Craig Alvarado
|
0-0: Called Strike 0-1: Ground out 5-3 (Groundball, 56S, EV 85.0 MPH)
|
|
Batting: RHB Kaoru Hamada
|
0-0: Ball 1-0: SINGLE (Groundball, 4M, EV 88.8 MPH) (infield hit)
|
|
Batting: SHB Glenn Harrison
|
0-0: Called Strike 0-1: Swinging Strike 0-2: Foul Ball, location: 2F 0-2: Ball 1-2: Foul Ball, location: 2F 1-2: DOUBLE (Flyball, 78XD, EV 105.6 MPH) Kaoru Hamada to third Runner from 3rd tries for Home, SAFE, throw by LF to home
|
|
Batting: RHB Klaus Brown
|
0-0: Ball 1-0: Called Strike 1-1: SINGLE (Groundball, 5D, EV 94.4 MPH) Glenn Harrison to third Runner from 3rd tries for Home, SAFE, throw by LF to home
|
|
Batting: RHB Mike Smith
|
0-0: Ball 1-0: Called Strike 1-1: Ball 2-1: Swinging Strike 2-2: Ball 3-2: TRIPLE (Flyball, 89D, EV 96.9 MPH) Klaus Brown scores
|
|
Batting: RHB Fernando Membreno
|
0-0: Ball 1-0: Swinging Strike 1-1: Called Strike 1-2: Strikes out swinging
|
| Bottom of the 1st over - 3 runs, 4 hits, 0 errors, 1 left on base; University of Illinois 0 - Pennsylvania State University 3 |
| TOP OF THE 2ND |
|
University of Illinois Fighting Illini batting - Pitching for Pennsylvania State University Nittany Lions : RHP David Kalinsky
|
|
Batting: LHB Fumito Sakurai
|
0-0: Called Strike 0-1: Foul Ball, location: 2F 0-2: Strikes out looking
|
|
Batting: RHB Oscar Ramirez
|
0-0: Ground out U3 (Groundball, 34S, EV 88.8 MPH)
|
|
Batting: RHB Cody Leonard
|
0-0: Called Strike 0-1: Ball 1-1: Ball 2-1: Foul Ball, location: 2F 2-2: Strikes out swinging
|
| Top of the 2nd over - 0 runs, 0 hits, 0 errors, 0 left on base; University of Illinois 0 - Pennsylvania State University 3 |
| BOTTOM OF THE 2ND |
|
Pennsylvania State University Nittany Lions batting - Pitching for University of Illinois Fighting Illini : LHP Jon Ray
|
|
Batting: LHB Elijah Mallandain
|
0-0: Ground out 4-3 (Groundball, 34, EV 100.6 MPH)
|
|
Batting: LHB Josh Lane
|
0-0: Ground out U3 (Groundball, 34, EV 86.2 MPH)
|
|
Batting: RHB John Hopkins
|
0-0: Ball 1-0: Ball 2-0: Ball 3-0: Base on Balls
|
|
Batting: RHB Craig Alvarado
|
0-0: Called Strike 0-1: DOUBLE (Line Drive, 78D, EV 105.0 MPH) John Hopkins to third Runner from 3rd tries for Home, SAFE, throw by LF to trailing runner, OUT at third! 7-3-5
|
| Bottom of the 2nd over - 1 run, 1 hit, 0 errors, 0 left on base; University of Illinois 0 - Pennsylvania State University 4 |
| TOP OF THE 3RD |
|
University of Illinois Fighting Illini batting - Pitching for Pennsylvania State University Nittany Lions : RHP David Kalinsky
|
|
Batting: RHB Fernando Acosta
|
0-0: Called Strike 0-1: Foul Ball, location: 2F 0-2: Fly out, F2 (Popup, 25F, EV 91.2 MPH)
|
|
Batting: LHB Clint Hanninen
|
0-0: Called Strike 0-1: Ball 1-1: Ground out U3 (Groundball, 3L, EV 78.8 MPH)
|
|
Batting: RHB Mustafa bin Gamali
|
0-0: Swinging Strike 0-1: Swinging Strike 0-2: Foul Ball, location: 2F 0-2: Ball 1-2: Foul Ball, location: 2F 1-2: Strikes out swinging
|
| Top of the 3rd over - 0 runs, 0 hits, 0 errors, 0 left on base; University of Illinois 0 - Pennsylvania State University 4 |
| BOTTOM OF THE 3RD |
|
Pennsylvania State University Nittany Lions batting - Pitching for University of Illinois Fighting Illini : LHP Jon Ray
|
|
Batting: RHB Kaoru Hamada
|
0-0: Ball 1-0: Ball 2-0: Ball 3-0: Base on Balls
|
|
Batting: SHB Glenn Harrison
|
0-0: Ball 1-0: Called Strike 1-1: Ball 2-1: Foul Ball, location: 2F 2-2: Foul Ball, location: 2F 2-2: 2-RUN HOME RUN (Flyball, 7LD, EV 95.6 MPH), Distance : 361 ft
|
|
Batting: RHB Klaus Brown
|
0-0: Called Strike 0-1: Ball 1-1: Foul Ball, location: 2F 1-2: SOLO HOME RUN (Flyball, 9D, EV 96.2 MPH), Distance : 368 ft
|
|
Pitching: RHP Roger Whitaker
|
|
|
Batting: RHB Mike Smith
|
0-0: Ball 1-0: Ground out 5-3 (Groundball, 6S, EV 64.4 MPH)
|
|
Batting: RHB Fernando Membreno
|
0-0: Called Strike 0-1: Foul Ball, location: 2F 0-2: Ball 1-2: Ball 2-2: Ball 3-2: Fly out, F8 (Line Drive, 8RM, EV 90.0 MPH)
|
|
Batting: LHB Elijah Mallandain
|
0-0: Foul Ball, location: 2F 0-1: Called Strike 0-2: Ball 1-2: Ball 2-2: Strikes out looking
|
| Bottom of the 3rd over - 3 runs, 2 hits, 0 errors, 0 left on base; University of Illinois 0 - Pennsylvania State University 7 |
| TOP OF THE 4TH |
|
University of Illinois Fighting Illini batting - Pitching for Pennsylvania State University Nittany Lions : RHP David Kalinsky
|
|
Batting: SHB Dan Strickland
|
0-0: Called Strike 0-1: Called Strike 0-2: Foul Ball, location: 2F 0-2: Reaches on Catchers interference
|
|
Batting: RHB Hugo Priego
|
0-0: Foul Ball, location: 2F 0-1: Ball 1-1: Ball 2-1: Fly out, F8 (Flyball, 8LD, EV 101.2 MPH)
|
|
Batting: LHB Bill Kovac
|
0-0: SINGLE (Groundball, 34D, EV 101.2 MPH) Dan Strickland to second Runner from 2nd tries for 3rd, SAFE, no throw by RF
|
|
Batting: LHB Fumito Sakurai
|
0-0: Fly out, F8 (Flyball, 8RXD, EV 96.9 MPH) Runner from 3rd tags up, SCORES, no throw by CF
|
|
Batting: RHB Oscar Ramirez
|
0-0: Ground out 6-3 (Groundball, P, EV 81.9 MPH)
|
| Top of the 4th over - 1 run, 1 hit, 1 error, 1 left on base; University of Illinois 1 - Pennsylvania State University 7 |
| BOTTOM OF THE 4TH |
|
Pennsylvania State University Nittany Lions batting - Pitching for University of Illinois Fighting Illini : RHP Roger Whitaker
|
|
Batting: LHB Josh Lane
|
0-0: Ball 1-0: Ball 2-0: SINGLE (Groundball, 25, EV 65.0 MPH) (infield hit)
|
|
Batting: RHB John Hopkins
|
0-0: Swinging Strike 0-1: Ball 1-1: Foul Ball, location: 2F 1-2: Strikes out looking
|
|
Batting: RHB Craig Alvarado
|
0-0: Called Strike 0-1: Called Strike 0-2: Ball 1-2: Fielders Choice at 2nd, 4-6 (Groundball, 34, EV 101.2 MPH)
|
|
Batting: RHB Kaoru Hamada
|
0-0: Swinging Strike Pickoff Throw to First - Out! 1-3 CS
|
| Bottom of the 4th over - 0 runs, 1 hit, 0 errors, 0 left on base; University of Illinois 1 - Pennsylvania State University 7 |
| TOP OF THE 5TH |
|
University of Illinois Fighting Illini batting - Pitching for Pennsylvania State University Nittany Lions : RHP David Kalinsky
|
|
Batting: RHB Cody Leonard
|
0-0: Ground out 5-3 (Groundball, 56S, EV 71.2 MPH)
|
|
Batting: RHB Fernando Acosta
|
0-0: Called Strike 0-1: Foul Ball, location: 2F 0-2: Ground out 5-3 (Groundball, 56, EV 102.5 MPH)
|
|
Batting: LHB Clint Hanninen
|
0-0: Called Strike 0-1: Ball 1-1: Swinging Strike 1-2: Strikes out swinging
|
| Top of the 5th over - 0 runs, 0 hits, 0 errors, 0 left on base; University of Illinois 1 - Pennsylvania State University 7 |
| BOTTOM OF THE 5TH |
|
Pennsylvania State University Nittany Lions batting - Pitching for University of Illinois Fighting Illini : RHP Roger Whitaker
|
|
Batting: RHB Kaoru Hamada
|
0-0: Ball 1-0: Ball 2-0: Called Strike 2-1: Foul Ball, location: 2F 2-2: Ball 3-2: Strikes out looking
|
|
Batting: SHB Glenn Harrison
|
0-0: Called Strike 0-1: Fly out, F8 (Flyball, 8RD, EV 91.2 MPH)
|
|
Batting: RHB Klaus Brown
|
0-0: Ball 1-0: Swinging Strike 1-1: Foul Ball, location: 2F 1-2: SINGLE (Flyball, 3D, EV 83.8 MPH)
|
|
Batting: RHB Mike Smith
|
0-0: Ball 1-0: Called Strike 1-1: Ball 2-1: Ball 3-1: Base on Balls Klaus Brown to second
|
|
Batting: RHB Fernando Membreno
|
0-0: Called Strike 0-1: Ball 1-1: Ground out 4-3 (Groundball, 4, EV 103.8 MPH)
|
| Bottom of the 5th over - 0 runs, 1 hit, 0 errors, 2 left on base; University of Illinois 1 - Pennsylvania State University 7 |
| TOP OF THE 6TH |
|
University of Illinois Fighting Illini batting - Pitching for Pennsylvania State University Nittany Lions : RHP David Kalinsky
|
|
Batting: RHB Mustafa bin Gamali
|
0-0: Called Strike 0-1: Called Strike 0-2: Ball 1-2: Strikes out swinging
|
|
Batting: SHB Dan Strickland
|
0-0: Called Strike 0-1: Ball 1-1: Fly out, F8 (Flyball, 89D, EV 81.2 MPH)
|
|
Batting: RHB Hugo Priego
|
0-0: Called Strike 0-1: Swinging Strike 0-2: Ball 1-2: Ground out 6-3 (Groundball, 6, EV 81.2 MPH)
|
| Top of the 6th over - 0 runs, 0 hits, 0 errors, 0 left on base; University of Illinois 1 - Pennsylvania State University 7 |
| BOTTOM OF THE 6TH |
|
Pennsylvania State University Nittany Lions batting - Pitching for University of Illinois Fighting Illini : RHP Roger Whitaker
|
|
Pitching: RHP Bart Bell
|
|
|
Batting: LHB Elijah Mallandain
|
0-0: Ground out 4-3 (Groundball, 34D, EV 103.1 MPH)
|
|
Batting: LHB Josh Lane
|
0-0: Foul Ball, location: 2F 0-1: Ball 1-1: Called Strike 1-2: Ball 2-2: Strikes out swinging
|
|
Batting: RHB John Hopkins
|
0-0: Ball 1-0: Fly out, F7 (Flyball, 7LD, EV 98.1 MPH)
|
| Bottom of the 6th over - 0 runs, 0 hits, 0 errors, 0 left on base; University of Illinois 1 - Pennsylvania State University 7 |
| TOP OF THE 7TH |
|
University of Illinois Fighting Illini batting - Pitching for Pennsylvania State University Nittany Lions : RHP David Kalinsky
|
|
Batting: LHB Bill Kovac
|
0-0: Called Strike 0-1: SINGLE (Groundball, 34D, EV 101.9 MPH)
|
|
Batting: LHB Fumito Sakurai
|
0-0: Called Strike 0-1: Ball 1-1: Foul Ball, location: 2F 1-2: Fly out, F7 (Line Drive, 7S, EV 98.1 MPH)
|
|
Batting: RHB Oscar Ramirez
|
0-0: Ball 1-0: SINGLE (Line Drive, 89S, EV 104.4 MPH) Bill Kovac to second
|
|
Batting: RHB Cody Leonard
|
0-0: Ball 1-0: Swinging Strike 1-1: Called Strike 1-2: Foul Ball, location: 2F 1-2: Strikes out swinging
|
|
Batting: RHB Fernando Acosta
|
0-0: Ball 1-0: Foul Ball, location: 2F 1-1: Ball 2-1: Ground out U3 (Groundball, 34, EV 81.2 MPH)
|
| Top of the 7th over - 0 runs, 2 hits, 0 errors, 2 left on base; University of Illinois 1 - Pennsylvania State University 7 |
| BOTTOM OF THE 7TH |
|
Pennsylvania State University Nittany Lions batting - Pitching for University of Illinois Fighting Illini : RHP Bart Bell
|
|
Batting: RHB Craig Alvarado
|
0-0: Ball 1-0: Ball 2-0: Called Strike 2-1: Foul Ball, location: 2F 2-2: Ground out 3-1 (Groundball, 13, EV 93.1 MPH)
|
|
Batting: RHB Kaoru Hamada
|
0-0: Ball 1-0: Ball 2-0: SINGLE (Groundball, 6MD, EV 100.6 MPH)
|
|
Batting: SHB Glenn Harrison
|
0-0: Foul Ball, location: 2F 0-1: Ball 1-1: Ball 2-1: Ball 3-1: Foul Ball, location: 2F 3-2: Fly out, F8 (Flyball, 78M, EV 89.4 MPH)
|
|
Batting: RHB Klaus Brown
|
0-0: Ball 1-0: 2-RUN HOME RUN (Flyball, 7D, EV 103.8 MPH), Distance : 384 ft
|
|
Batting: RHB Mike Smith
|
0-0: Called Strike 0-1: Ball 1-1: SINGLE (Line Drive, 9S, EV 101.9 MPH)
|
|
Pitching: LHP Antonio Sandoval
|
|
|
Batting: RHB Fernando Membreno
|
0-0: Foul Ball, location: 2F 0-1: Ground out 4-3 (Groundball, 34D, EV 106.9 MPH)
|
| Bottom of the 7th over - 2 runs, 3 hits, 0 errors, 1 left on base; University of Illinois 1 - Pennsylvania State University 9 |
| TOP OF THE 8TH |
|
University of Illinois Fighting Illini batting - Pitching for Pennsylvania State University Nittany Lions : RHP David Kalinsky
|
|
Batting: LHB Clint Hanninen
|
0-0: Ball 1-0: Called Strike 1-1: Ball 2-1: Ball 3-1: Swinging Strike 3-2: Foul Ball, location: 2F 3-2: Foul Ball, location: 2F 3-2: Foul Ball, location: 2F 3-2: Foul Ball, location: 2F 3-2: Ground out 6-3 (Groundball, 6M, EV 105.6 MPH)
|
|
Pitching: RHP Dave Boudreaux
|
|
|
Batting: RHB Mustafa bin Gamali
|
0-0: Swinging Strike 0-1: Swinging Strike 0-2: Ball 1-2: Ball 2-2: Ball 3-2: Strikes out swinging
|
|
Batting: SHB Dan Strickland
|
0-0: Foul Ball, location: 2F 0-1: Ball 1-1: Foul Ball, location: 2F 1-2: Foul Ball, location: 2F 1-2: Ground out 6-3 (Groundball, 6M, EV 109.4 MPH)
|
| Top of the 8th over - 0 runs, 0 hits, 0 errors, 0 left on base; University of Illinois 1 - Pennsylvania State University 9 |
| BOTTOM OF THE 8TH |
|
Pennsylvania State University Nittany Lions batting - Pitching for University of Illinois Fighting Illini : LHP Antonio Sandoval
|
|
Batting: LHB Elijah Mallandain
|
0-0: Ball 1-0: Foul Ball, location: 2F 1-1: Fly out, F8 (Flyball, 8LD, EV 103.1 MPH)
|
|
Batting: LHB Josh Lane
|
0-0: Ball 1-0: Ball 2-0: Called Strike 2-1: Foul Ball, location: 2F 2-2: Strikes out swinging
|
|
Batting: RHB John Hopkins
|
0-0: Ball 1-0: Ball 2-0: Ball 3-0: Base on Balls
|
|
Batting: RHB Craig Alvarado
|
0-0: Foul Ball, location: 2F 0-1: Ball 1-1: Called Strike 1-2: Strikes out swinging
|
| Bottom of the 8th over - 0 runs, 0 hits, 0 errors, 1 left on base; University of Illinois 1 - Pennsylvania State University 9 |
| TOP OF THE 9TH |
|
University of Illinois Fighting Illini batting - Pitching for Pennsylvania State University Nittany Lions : RHP Dave Boudreaux
|
|
Batting: LHB Alex Rivera
|
0-0: Swinging Strike 0-1: Ball 1-1: Ground out U3 (Groundball, 34S, EV 81.2 MPH)
|
|
Batting: LHB Bill Kovac
|
0-0: Called Strike 0-1: Ball 1-1: Ball 2-1: Foul Ball, location: 2F 2-2: Foul Ball, location: 2F 2-2: Ball 3-2: Foul Ball, location: 2F 3-2: Fly out, F8 (Flyball, 8LXD, EV 106.2 MPH)
|
|
Batting: LHB Fumito Sakurai
|
0-0: Called Strike 0-1: Foul Ball, location: 2F 0-2: Ball 1-2: Fly out, F7 (Flyball, 78D, EV 89.4 MPH)
|
| Top of the 9th over - 0 runs, 0 hits, 0 errors, 0 left on base; University of Illinois 1 - Pennsylvania State University 9 |
|